cohdb
Replays
Latest Replays
All Replays
Popular Replays
Top Player Replays
Match Explorer
How It Works
Community
CoH3 Stats
Reddit
Sign in to upload your games and track your stats! →
Sign in with Steam
Match 41345543
Unlisted
Match 41345543
Overview
Messages
Build Orders
End
Construct Infanterie Kompanie
Selects Breakthrough Battlegroup
Selects Assault Grenadiers
MG 42 Machine Gun Team
GrW 34 Mortar Team
Grenadier Squad
Grenadier Squad
Construct Panzergrenadier Kompanie
Selects Smoke Bombing Run
Support Elements
Panzergrenadier Squad
Selects Mechanized Assault Group
Mechanized Assault Group
Pak 40 Anti-tank Gun Team
Smoke Bombing Run
StuG III G Assault Gun
Selects Rapid Production
Selects Blitzkrieg
Nebelwerfer 42 Rocket Launcher Team
Selects Panzer IV Command Tank Sd.Kfz. 161/1
Irish_Templar
Naveed #No2IRGC
bjy9582
枪王丁真-小马
surv1vor
MaCaRons
0
0
Comments
sign in to comment!
No comments posted yet!